 Dungeon Crawl Stone Soup version 0.22-b1-21-g5cfc168 (webtiles) character file.

361 tyranidshit the Skirmisher (level 6, -1/52 HPs)
             Began as a Demonspawn Abyssal Knight on Aug 4, 2018.
             Was a Believer of Lugonu.
             Succumbed to a worker ant's poison
             ... on level 4 of the Dungeon.
             The game lasted 00:08:55 (3364 turns).

tyranidshit the Skirmisher (DsAK)                   Turns: 3364, Time: 00:08:55

Health: -1/52      AC: 20    Str: 14    XL:     6   Next: 38%
Magic:  7/7        EV:  4    Int: 13    God:    Lugonu [**....]
Gold:   164        SH:  0    Dex: 13    Spells: 5/5 levels left

rFire    + . .     SeeInvis .   a - +1 hand axe
rCold    + . .     Gourm    .   (no shield)
rNeg     . . .     Faith    .   g - +1 plate armour
rPois    .         Spirit   .   (no helmet)
rElec    .         Reflect  .   (no cloak)
rCorr    .         Harm     .   (no gloves)
MR       .....                  f - +0 pair of boots (curse)
Stlth    ..........             (no amulet)
HPRegen  0.17/turn              h - ring of protection from cold
MPRegen  0.10/turn              (no ring)

@: lethally poisoned (-1 -> -36), sanguine armour
A: fire resistance 1, sanguine armour 1
a: Depart the Abyss, Bend Space, Renounce Religion


You were on level 4 of the Dungeon.
You worshipped Lugonu.
Lugonu was pleased with you.
You were not hungry.

You visited 1 branch of the dungeon, and saw 4 of its levels.
You visited the Abyss 1 time.

You collected 164 gold pieces.

Inventory:

Hand Weapons
 a - a +1 hand axe (weapon)
Armour
 f - a cursed +0 pair of boots (worn)
 g - a +1 plate armour (worn)
Jewellery
 h - a ring of protection from cold (left hand)
Wands
 b - a wand of random effects (25)
Scrolls
 d - 4 scrolls of identify
 e - a scroll of amnesia
 j - a scroll of remove curse
Comestibles
 c - 4 rations


   Skills:
 - Level 5.8 Fighting
 - Level 1.7 Axes
 + Level 4.3 Armour
 - Level 0.8 Dodging
 - Level 2.4 Invocations


You had 5 spell levels left.
You didn't know any spells.
Your spell library was empty.

Dungeon Overview and Level Annotations

Branches:
Dungeon (4/15)
 Temple: D:4-7

Altars:
Elyvilon
Wu Jian

Annotations:
D:4 3 runed doors, Enish's ghost, weakling TrMo


Innate Abilities, Weirdness & Mutations

Your flesh is heat resistant. (rF+)
When seriously injured, your bleeding wounds create armour. (AC +6)


Message History

You hit the worker ant.
* * * LOW HITPOINT WARNING * * *
You feel very sick.
The worker ant bites you but does no damage. x2
You hit the worker ant.
The worker ant is heavily wounded.
You barely miss the worker ant.
* * * LOW HITPOINT WARNING * * *
You feel very sick.
The worker ant bites you but does no damage.
The worker ant bites you.
* * * LOW HITPOINT WARNING * * *
You are more poisoned.
The worker ant poisons you! The worker ant barely misses you.
The worker ant bites you.
* * * LOW HITPOINT WARNING * * *
You hit the worker ant but do no damage.
The worker ant is heavily wounded.
You hit the worker ant but do no damage.
You die...

#......####....................
###########...###.#.#.#.#.#.#.#.#
#########).......................
#.........###....#.#.#.#.#.#.#.#
..#######.# ##................
..######..# ##.#.#.#.#.#.#.#
.........## #........
...###..†######..a.#.#.# ...#
##.........@a...... .#.#
#.#...........#.#. ...
#.#............... ...
..#.........)..#.# ...
##....###.......... ... ##....
.........#( ...
...>.........|.... .#.
#############..... .#


You could see 2 worker ants.

Vanquished Creatures
  An ogre (D:4)
  A scorpion (D:4)
  A bullfrog zombie (D:4)
  Ijyb (D:3)
  An orc wizard (D:3)
  2 worker ants (D:4)
  3 adders
  A worm (D:3)
  2 dart slugs (D:1)
  2 leopard geckos
  10 orcs (D:3)
  A giant cockroach (D:1)
  14 goblins
  5 hobgoblins
  A quokka (D:3)
  A ball python (D:2)
  2 bats
  5 frilled lizards
  5 kobolds
  4 rats
63 creatures vanquished.

Vanquished Creatures (others)
  4 fungi (D:4)
4 creatures vanquished.

Grand Total: 67 creatures vanquished

Notes
Turn   | Place    | Note
-------+----------+-------------------------------------------
     0 | Abyss:1  | tyranidshit the Demonspawn Abyssal Knight began the quest for the Orb.
     0 | Abyss:1  | Reached XP level 1. HP: 18/18 MP: 2/2
    61 | D:1      | Escaped the Abyss
   172 | D:1      | Gained mutation: Your flesh is heat resistant. (rF+) [demonic ancestry]
   172 | D:1      | Reached XP level 2. HP: 12/24 MP: 3/3
   242 | D:1      | Reached * piety under Lugonu
   492 | D:1      | Reached skill level 4 in Fighting
   781 | D:2      | Reached XP level 3. HP: 8/30 MP: 4/4
   896 | D:2      | HP: 1/30 [ball python (2)]
  1612 | D:3      | Noticed Ijyb
  1649 | D:3      | Killed Ijyb
  1649 | D:3      | Reached skill level 5 in Fighting
  1649 | D:3      | Reached XP level 4. HP: 37/39 MP: 5/5
  1657 | D:3      | Reached ** piety under Lugonu
  1691 | D:3      | HP: 1/39 [poisoned by Ijyb]
  2196 | D:3      | Gained mutation: When seriously injured, your bleeding wounds create armour. (AC +6) [demonic ancestry]
  2196 | D:3      | Reached XP level 5. HP: 16/46 MP: 6/6
  2444 | D:3      | Found an ornate altar of the Wu Jian Council.
  2620 | D:4      | Found a runed gate.
  2620 | D:4      | Found a runed gate.
  2620 | D:4      | Found a runed gate.
  2622 | D:4      | Noticed Enish's ghost (weakling TrMo)
  2681 | D:4      | Noticed an ogre
  2690 | D:4      | Killed an ogre
  2805 | D:4      | Reached XP level 6. HP: 5/52 MP: 7/7
  2832 | D:4      | HP: 2/52 [poisoned by a scorpion]
  2839 | D:4      | HP: 1/52 [poisoned by a scorpion]
  2847 | D:4      | HP: 1/52 [poisoned by a scorpion]
  2922 | D:4      | HP: 2/52 [poisoned by a worker ant]
  2928 | D:4      | HP: 1/52 [poisoned by a worker ant]
  2936 | D:3      | HP: 1/52 [poisoned by a worker ant]
  3234 | D:4      | Found a white marble altar of Elyvilon.
  3363 | D:4      | HP: 2/52 [worker ant (4)]
  3364 | D:4      | Succumbed to a worker ant's poison

Skill      XL: |  1  2  3  4  5  6 |
---------------+-------------------+-----
Fighting       | 4 5 |  5.8
Armour         | 3 4 |  4.3
Axes           | |  1.7
Dodging        | |  0.8
Invocations    | |  2.4

Action                   |  1- 3 |  4- 6 || total
-------------------------+-------+-------++-------
Melee: Hand axe          |   140 |   143 ||   283
Invok: Depart the Abyss  |     1 |       ||     1
Evoke: Wand              |       |     8 ||     8
  Use: Scroll            |     3 |     2 ||     5
       Potion            |     2 |     1 ||     3
 Stab: Sleeping          |     1 |       ||     1
  Eat: Ration            |     1 |     2 ||     3
Armor: Leather armour    |    11 |       ||    11
       Scale mail        |    27 |       ||    27
       Plate armour      |    48 |   151 ||   199
       Skin              |     7 |     4 ||    11
Dodge: Dodged            |    75 |    28 ||   103
